 Dungeon Crawl Stone Soup version 0.25.0-9-g26727b657a (webtiles) character file.

Game seed: 15028492175795916677

49 Exodus22XD the Poker (level 3, -1/27 HPs)
             Began as a Demonspawn Gladiator on June 21, 2020.
             Slain by Sigmund
             ... wielding a cursed +0 scythe
              (12 damage)
             ... on level 2 of the Dungeon.
             The game lasted 00:01:57 (1357 turns).

Exodus22XD the Poker (Demonspawn Gladiator)         Turns: 1357, Time: 00:01:57

Health: -1/27      AC:  8    Str: 15    XL:     3   Next: 53%
Magic:  3/3        EV: 10    Int:  9    God:
Gold:   47         SH:  0    Dex: 14    Spells: 2/2 levels left

rFire    . . .     SeeInvis .   a - +0 trident
rCold    . . .     Gourm    .   (no shield)
rNeg     . . .     Faith    .   p - +0 scale mail (curse)
rPois    .         Spirit   .   c - +0 helmet
rElec    .         Reflect  .   (no cloak)
rCorr    .         Harm     .   m - +0 pair of gloves
MR       .....                  (no boots)
Stlth    ..........             (no amulet)
HPRegen  0.09/turn              i - ring of flight
MPRegen  0.08/turn              o - ring of attention (curse)

@: no status effects
A: spiny 1
a: Evoke Flight


You were on level 2 of the Dungeon.
You were not hungry.

You visited 1 branch of the dungeon, and saw 2 of its levels.

You collected 47 gold pieces.

Inventory:

Hand Weapons
 a - a +0 trident (weapon)
Missiles
 d - 3 throwing nets (quivered)
Armour
 b - a +0 leather armour
 c - a +0 helmet (worn)
 m - a +0 pair of gloves (worn)
 p - a cursed +0 scale mail (worn)
Jewellery
 i - a ring of flight (left hand)
 o - a cursed ring of attention (right hand)
Scrolls
 e - 2 scrolls of identify {unknown}
 h - a scroll of fear {unknown}
 j - a scroll of teleportation {unknown}
 n - a scroll of remove curse {unknown}
 q - a scroll of blinking {unknown}
 r - a scroll of immolation {unknown}
Potions
 k - a potion of curing {unknown}
 l - a potion of stabbing {unknown}
Comestibles
 f - 2 rations
 g - a chunk of flesh


   Skills:
 + Level 2.2 Fighting
 + Level 3.3 Polearms
 - Level 1.7 Throwing
 + Level 0.6 Armour
 + Level 3.1 Dodging
 + Level 0.9 Stealth


You had 2 spell levels left.
You didn't know any spells.
Your spell library was empty.

Dungeon Overview and Level Annotations

Branches:
Dungeon (2/15)

Altars:

Annotations:
D:2 Sigmund


Innate Abilities, Weirdness & Mutations

You are partially covered in sharp spines.


Message History

You bump into the rock wall.
Sigmund barely misses you. The jackal is struck by your spines.
The jackal barely misses you.
You miss Sigmund.
Sigmund is heavily wounded.
The jackal bites you but does no damage.
Sigmund casts a spell.
Sigmund flickers and vanishes!
Deactivating autopickup; reactivate with Ctrl-A.
The jackal is struck by your spines. The jackal barely misses you.
Some of the chunks of flesh in your inventory have rotted away.
You bump into the rock wall.
The jackal is struck by your spines. The jackal closely misses you.
You hear some strange, mumbled words.
A puff of flame appears from out of thin air!
The puff of flame hits you. The goblin hits you but does no damage.
You puncture the jackal!
You kill the jackal!
You feel less confused. Something hits you!
You die...

....%.>.# . # ....#...##..
..........h# ...g.....#.#
#.......... #.......##
#....## ###{..# ##@#.##
##†#g##.##..
##.#.##.#.###..######
##.#)##.#.#.##........
##.#.##.#.#.#.######.##
##.#.##.#.###.#.## #.#
##.#.##.#.##.##.#.## #<#
##.#.##.#.##.#.##.#.###.##
##.#)##.#.##.#.#.##.#.##..#


You could see a goblin.

Vanquished Creatures
  An adder (D:2)
  A worm (D:2)
  3 goblins
  3 hobgoblins
  9 jackals
  A quokka (D:2)
  5 bats
  3 frilled lizards
  3 kobolds
  10 rats
39 creatures vanquished.

Notes
Turn   | Place    | Note
-------+----------+-------------------------------------------
     0 | D:1      | Exodus22XD the Demonspawn Gladiator began the quest for the
                  | Orb.
     0 | D:1      | Reached XP level 1. HP: 16/16 MP: 1/1
   274 | D:1      | Gained mutation: You are partially covered in sharp spines.
                  | [demonic ancestry]
   274 | D:1      | Reached XP level 2. HP: 22/22 MP: 2/2
  1025 | D:2      | Reached XP level 3. HP: 27/27 MP: 3/3
  1341 | D:2      | Noticed Sigmund
  1357 | D:2      | Slain by Sigmund

Illustrated notes

Levels and vault maps discovered:
D:1:      dpeg_arrival_round_c, layout_basic, minmay_misc_feat_rows
D:2:      minmay_inner_zag, layout_loops_ring, uniq_sigmund

Skill      XL: |  1  2 |
---------------+-------+-----
Polearms       | 3 |  3.3
Dodging        | 3 |  3.1
Fighting       | |  2.2
Throwing       | |  1.7
Armour         | |  0.6
Stealth        | |  0.9

Action                   || total
-------------------------++-------
Melee: Trident           ||    91
 Stab: Sleeping          ||     3
       Distracted        ||     1
  Eat: Chunk             ||     1
Armor: Leather armour    ||     8
       Scale mail        ||    13
Dodge: Dodged            ||    40
